 Dungeon Crawl Stone Soup version 0.31.0-1-g2c135a008e (webtiles) character file.

Game seed: 16728369097923518153

24 James the Ruffian (level 3, -7/25 HPs)
             Began as a Barachi Shapeshifter on Jan 20, 2024.
             Was a Follower of Hepliaklqana.
             Mangled by a gnoll
             ... wielding a +0 halberd
              (9 damage)
             ... on level 2 of the Dungeon.
             The game lasted 00:04:25 (919 turns).

James the Ruffian (Barachi Shapeshifter)             Turns: 919, Time: 00:04:26

Health: -7/25      AC:  2    Str: 17    XL:     3   Next: 2%
Magic:  3/3        EV: 12    Int: 10    God:    Hepliaklqana [*.....]
Gold:   46         SH:  0    Dex: 11    Spells: 2/2 levels left

rFire   . .          .
                       - Unarmed
rCold   . . .        (no shield)
rNeg    . . .        a - +0 animal skin
rPois   .            (helmet currently unavailable)
rElec   .            (cloak currently unavailable)
rCorr   .            (gloves currently unavailable)
SInv    .            (boots currently unavailable)
Will    .....        (no amulet)
Stlth   +            (no ring)
HPRegen 0.24/turn    (no ring)
MPRegen 0.08/turn

%: no passive effects
@: beast-form, slow
A: beast (slay +1), reduced essence, amphibious, slowness 1, strong legs 1, +LOS
a: Hop, Begin Untransformation, Renounce Religion, Recall Ancestor, Ancestor
Identity


You were on level 2 of the Dungeon.
You worshipped Hepliaklqana.
Hepliaklqana was aware of your devotion.
You were a hulking beast.
You visited 1 branch of the dungeon, and saw 2 of its levels.

You collected 46 gold pieces.

Inventory:

Hand Weapons
 e - a +0 dagger
   (You took it off a kobold on level 1 of the Dungeon)
Missiles
 f - 3 stones (quivered)
Armour
 a - a +0 animal skin (worn)
 i - a +1 pair of gloves of dexterity
   (You found it on level 1 of the Dungeon)
 j - a +0 robe
   (You found it on level 1 of the Dungeon)
Talismans
 c - a beast talisman
 d - a flux talisman
Scrolls
 h - 2 scrolls of amnesia {unknown}
 k - a scroll of teleportation {unknown}
Potions
 b - a potion of lignification {!q}
 g - a potion of brilliance {unknown}
 l - a potion of enlightenment {unknown}


   Skills:
 + Level 2.5 Fighting
 - Level 2.1 Dodging
 - Level 4.0 Unarmed Combat
 - Level 3.2 Shapeshifting


You had 2 spell levels left.
You didn't know any spells.
Your spell library was empty.

Dungeon Overview and Level Annotations

Branches:
Dungeon (2/15)

Altars:
Hepliaklqana


Innate Abilities, Weirdness & Mutations

You are a hulking beast.
Your limbs bulge with bestial killing power. (Slay +1)
Your life essence is reduced to manifest your ancestor. (-10% HP)
You are amphibious.
You cover ground slowly.
You can hop short distances.
You have an extended range of vision and can be seen from far away.


Message History

Done exploring.
Search for what [? for help]? .
Unknown command.
You swap places.
Things that are here:
a +0 dagger; a goblin skeleton You see here a frilled lizard skeleton.
There is a stone staircase leading down here.
Unknown command.
You climb downwards.
There is a stone staircase leading up here.
You swap places.
Found a lumpy green potion.
l - a lumpy green potion A quokka comes into view.
The quokka bites you but does no damage.
Dusana hits the quokka.
The quokka closely misses Dusana.
You hit the quokka but do no damage. The quokka barely misses you.
Dusana hits the quokka.
You hit the quokka.
You kill the quokka!
You have reached level 3!
Your experience leads to an increase in your attributes!
Increase (S)trength, (I)ntelligence, or (D)exterity?
You feel stronger. x2
Dusana remembers more of her old skill.
Found a stone staircase leading down. 2 gnolls come into view.
Found a scroll labelled VOEPE LU BIPS.
The gnoll shouts!
You hear a shout!
You hear a bark! x2
A gnoll comes into view. It is wielding a +0 club.
You swap places.
Dusana hits the gnoll.
The gnoll attacks as it pursues you! The gnoll barely misses you.
Dusana hits the gnoll but does no damage.
The gnoll attacks as it pursues you! The gnoll closely misses you.
The gnoll closely misses you.
Dusana barely misses the gnoll.
The gnoll attacks as it pursues you!
The gnoll hits you from afar with a +0 halberd!
A jackal comes into view.
The gnoll attacks as it pursues you!
The gnoll hits you from afar with a +0 halberd!
* * * LOW HITPOINT WARNING * * *
The gnoll attacks as it pursues you! The gnoll closely misses you.
The gnoll attacks as it pursues you! The gnoll misses you.
The gnoll attacks as it pursues you!
The gnoll hits you from afar with a +0 halberd.
* * * LOW HITPOINT WARNING * * *
The gnoll hits you from afar with a +0 halberd!
You die...

#.# #.#.#
#<#.# #.#.#
#.#.# #.#..
#.#.# #.#.#
#h#.# #...#
##g.# #R.#
#g.# #..#
########g.#
.......†..#
########.##


You could see the friendly Dusana the ancestor and 3 gnolls.

Vanquished Creatures
  A dart slug (D:1)
  2 ball pythons (D:1)
  2 giant cockroaches (D:1)
  3 goblins (D:1)
  2 kobolds (D:1)
  A quokka (D:2)
  3 bats (D:1)
  3 frilled lizards (D:1)
  3 rats (D:1)
20 creatures vanquished.

Notes
Turn   | Place    | Note
-------+----------+-------------------------------------------
     0 | D:1      | James the Barachi Shapeshifter began the quest for the Orb.
     0 | D:1      | Reached XP level 1. HP: 15/15 MP: 1/1
   167 | D:1      | Reached XP level 2. HP: 5/21 MP: 2/2
   278 | D:1      | Reached skill level 4 in Unarmed Combat
   557 | D:1      | Found a faded altar of an unknown god.
   590 | D:1      | Prayed at the altar of an unknown god.
   590 | D:1      | Became a worshipper of Hepliaklqana the Forgotten
   590 | D:1      | Reached * piety under Hepliaklqana
   901 | D:2      | Reached XP level 3. HP: 25/25 MP: 3/3
   919 | D:2      | Mangled by a gnoll

Illustrated notes

Levels and vault maps discovered:
D:1:      dpeg_arrival_round_b, layout_loops_ring,
          chequers_ecumenical_altar_grove, nrook_mini_backslash
D:2:      layout_loops_ring, uniq_sigmund, uniq_jessica

Skill      XL: |  1  2 |
---------------+-------+-----
Unarmed Combat | 4 |  4.0
Fighting       | 2 |  2.5
Dodging        | |  2.1
Shapeshifting  | |  3.2

Action                     || total
---------------------------++-------
  Melee: Unarmed           ||    55
         Punch             ||     2
 Armour: Animal skin       ||    35
  Dodge: Dodged            ||    37
